 Dungeon Crawl Stone Soup version 0.29.0-4-gdea44cf6ec (webtiles) character file.

Game seed: 14370331266554981492

4 qw the Chopper (level 1, -1/12 HPs)
             Began as a Tengu Warper on Aug 28, 2022.
             Slain by a frilled lizard (3 damage)
             ... on level 1 of the Dungeon.
             The game lasted 00:00:00 (70 turns).

qw the Chopper (Tengu Warper)                         Turns: 70, Time: 00:00:00

Health: -1/12      AC:  3    Str: 11    XL:     1   Next: 60%
Magic:  4/4        EV: 11    Int: 13    God:
Gold:   63         SH:  0    Dex: 13    Spells: 4/4 levels left

rFire   . . .      SeeInvis .   a - +0 hand axe
rCold   . . .      Faith    .   (no shield)
rNeg    . . .      Spirit   .   b - +0 leather armour
rPois   .          Reflect  .   (helmet restricted)
rElec   .          Harm     .   (no cloak)
rCorr   .          Rampage  .   (no gloves)
Will    .....                   (boots unavailable)
Stlth   +.........              (no amulet)
HPRegen 0.04/turn               (no ring)
MPRegen 0.09/turn               (no ring)

@: no status effects
A: beak, talons 3
a: no special abilities


You were on level 1 of the Dungeon.
You visited 1 branch of the dungeon, and saw 1 of its levels.

You collected 63 gold pieces.


Innate Abilities, Weirdness & Mutations

You have a beak for a mouth.
You have claws for feet.


   Skills:
 - Level 2.0 Fighting
 + Level 2.6 Axes
 - Level 1.0 Throwing
 - Level 1.1 Armour
 - Level 2.1 Dodging
 - Level 2.0 Spellcasting
 - Level 2.4 Translocations


You had 4 spell levels left.
You didn't know any spells.
Your spell library contained the following spells:

 Spells                   Type           Power      Damage    Failure   Level
 Blink                    Tloc           14%        N/A       19%         2
 Gell's Gravitas          Tloc           7%         N/A       36%         3
 Lesser Beckoning         Tloc           7%         N/A       36%         3
 Teleport Other           Tloc           7%         N/A       36%         3
 Manifold Assault         Tloc           7%         N/A       98%         5

Inventory:

Hand Weapons
 a - a +0 hand axe (weapon)
Missiles
 d - a boomerang of dispersal (quivered)
Armour
 b - a +0 leather armour (worn)
Scrolls
 c - a scroll of blinking
 e - a scroll of teleportation {unknown}
 f - a scroll of fog {unknown}

Dungeon Overview and Level Annotations

Branches:
Dungeon (1/15)

Altars:


Message History

Throw: 2 boomerangs (disperse)
Press: ? - help, Q - select action Shift-Dir - straight line, f/p - endoplasm You throw a boomerang of dispersal.
The boomerang of dispersal hits the endoplasm.
The endoplasm blinks!
You kill the endoplasm!
You now have 34 gold pieces (gained 10).
e - a scroll labelled ELOEGA ZEUTEO
f - a scroll labelled PEWEOBE ZAOMM You now have 44 gold pieces (gained 10).
You now have 63 gold pieces (gained 19).
A quokka comes into view.
You hit the quokka.
The quokka is almost dead.
The quokka closely misses you. The quokka misses you.
You barely miss the quokka. You claw the quokka, but do no damage.
The quokka is severely wounded.
The quokka closely misses you.
You barely miss the quokka. Your kick misses the quokka. You peck the quokka.
You kill the quokka!
Found a stone staircase leading down.
A kobold and 2 frilled lizards come into view.
The kobold shouts!
The frilled lizard hisses angrily.
An endoplasm comes into view.
The frilled lizard moves out of view.
You closely miss the frilled lizard. Your kick misses the frilled lizard.
Your peck misses the frilled lizard. The frilled lizard barely misses you.
You hit the frilled lizard but do no damage.
You claw the frilled lizard.
You kill the frilled lizard!
The frilled lizard bites you. The endoplasm freezes you.
You are frozen.
You hit the endoplasm.
The endoplasm is moderately wounded.
You hit the frilled lizard but do no damage.
The endoplasm freezes you.
You are frozen.
The frilled lizard bites you.
You die...

..# ..###7.7#777777777
.....7.7.........#
.....7.7.####.##.#
.....7.7.####.##.#
.........#....##.#
.........#.#####.#
###.........####.#
#.............@#
#......(.#7777JlK.....
#........7 77..#..PP
#.......77 7.PP P.
#.......7 ..PP
#.......7 ....P
#.......7 >..P
#........7 #...
#........#


You could see an endoplasm, a kobold and a frilled lizard.

Vanquished Creatures
  An endoplasm (D:1)
  A quokka (D:1)
  2 frilled lizards (D:1)
4 creatures vanquished.

Notes
Turn   | Place    | Note
-------+----------+-------------------------------------------
     0 | D:1      | qw the Tengu Warper began the quest for the Orb.
     0 | D:1      | Reached XP level 1. HP: 12/12 MP: 4/4
     0 | D:1      | 0 ||| qw: Version: 0.1-a-89-g26bdef1
     0 | D:1      | 0 ||| qw: Game counter: 1870
     0 | D:1      | 0 ||| qw: Always use a shield: true
     0 | D:1      | 0 ||| qw: God list: Okawaru
     0 | D:1      | 0 ||| qw: Allow faded altars: false
     0 | D:1      | 0 ||| qw: Do Orc after D:15 true
     0 | D:1      | 0 ||| qw: Do second Lair branch before Depths: true
     0 | D:1      | 0 ||| qw: Lair rune preference: random
     0 | D:1      | 0 ||| qw: Plans: Normal
     0 | D:1      | 0 ||| PLANNING D:1-11
    70 | D:1      | HP: 2/12 [frozen (3)]
    70 | D:1      | Slain by a frilled lizard

Levels and vault maps discovered:
D:1:      amcnicky_arrival_gap_in_the_tavern_cellar, layout_basic,
          serial_forest, infiniplex_forest_straight_4,
          infiniplex_forest_straight_3, infiniplex_forest_clump_small,
          infiniplex_forest_end_2, infiniplex_forest_lined_4_way,
          infiniplex_forest_pool, infiniplex_forest_straight_5,
          infiniplex_forest_clump_curved, infiniplex_forest_straight_2,
          infiniplex_forest_clump_curved

Action                   || total
-------------------------++-------
Melee: Hand axe          ||     6
       Kick              ||     2
       Peck              ||     1
Throw: Boomerang         ||     6
Dodge: Dodged            ||     4

Table legend:
 A = Non-vault XP
 B = Vault XP
 C = Vault XP percentage of total XP
 D = Non-vault monster count
 E = Vault monster count
 F = Vault count percentage of total count
                 A         B        C        D         E       F
            +---------+---------+-------+---------+---------+-------
      Total |       6 |       0 |   0.0 |       4 |       0 |   0.0
            +---------+---------+-------+---------+---------+-------
        D:1 |       6 |       0 |   0.0 |       4 |       0 |   0.0
            +---------+---------+-------+---------+---------+-------
